 Dungeon Crawl Stone Soup version 0.25.0-15-gac7dcb8919 (webtiles) character file.

Game seed: 9061949431153420544

44 Esekla the Grave Robber (level 3, -4/27 HPs)
             Began as a Barachi Necromancer on June 28, 2020.
             Killed from afar by an orc wizard (9 damage)
             ... with a puff of flame
             ... on level 3 of the Dungeon.
             The game lasted 00:12:22 (1441 turns).

Esekla the Grave Robber (Barachi Necromancer)       Turns: 1441, Time: 00:12:23

Health: -4/27      AC:  2    Str:  9    XL:     3   Next: 60%
Magic:  2/7        EV: 12    Int: 16    God:
Gold:   40         SH:  0    Dex: 12    Spells: 4/8 levels left

rFire    . . .     SeeInvis .   b - +0 dagger
rCold    . . .     Gourm    .   (no shield)
rNeg     . . .     Faith    .   a - +0 robe
rPois    .         Spirit   .   (no helmet)
rElec    .         Reflect  .   (no cloak)
rCorr    .         Harm     .   (no gloves)
MR       .....                  (no boots)
Stlth    ++........             (no amulet)
HPRegen  0.09/turn              (no ring)
MPRegen  0.10/turn              (no ring)

@: slow
A: +LOS, swims, slowness 1, strong legs 1
a: Hop


You were on level 3 of the Dungeon.
You were very hungry.

You visited 1 branch of the dungeon, and saw 3 of its levels.

You collected 40 gold pieces.

Inventory:

Hand Weapons
 b - a +0 dagger (weapon)
Armour
 a - a +0 robe (worn)
Scrolls
 d - a scroll of teleportation {unknown}
 e - a scroll of fear {unknown}
 g - a scroll of identify {unknown}
 h - a scroll of remove curse {unknown}
Comestibles
 c - 3 rations


   Skills:
 * Level 1.9 Fighting
 + Level 2.3 Dodging
 - Level 1.7 Stealth
 * Level 3.3 Spellcasting
 + Level 3.6 Necromancy


You had 4 spell levels left.
You knew the following spells:

 Your Spells              Type           Power        Failure   Level  Hunger
a - Pain                  Necr           ##..         4%          1    None
d - Vampiric Draining     Necr           ##........   12%         3    ###....

Your spell library contained the following spells:

 Spells                   Type           Power        Failure   Level  Hunger
 Animate Skeleton         Necr           N/A          4%          1    None
 Animate Dead             Necr           N/A          38%         4    ####...
 Agony                    Necr           ##......     75%         5    ######.


Dungeon Overview and Level Annotations

Branches:
Dungeon (3/15)

Altars:
Hepliaklqana
Okawaru
Trog


Innate Abilities, Weirdness & Mutations

You can be seen from farther away. (+LOS)
You can swim through water.
You cover ground slowly.
You can hop short distances.


Message History

The spell is quite dangerous to cast (12% risk of failure)!
Continue anyway?
Aiming: Vampiric Draining (quite dangerous; 12% risk of failure)
Press: ? - help, Shift-Dir - straight line, f - orc, p - orc
Aim: an orc, wielding a +0 hand axe and wearing a +0 scale mail (heavily wounded)
You kill the orc!
You feel life coursing into your body.
You are feeling very hungry.
A magic dart appears from out of thin air!
The magic dart hits you!
A magic dart appears from out of thin air!
The magic dart hits you!
* * * LOW HITPOINT WARNING * * *
You hear some strange, mumbled words.
A puff of flame appears from out of thin air!
The puff of flame misses you.
You barely miss something.
You hear some strange, mumbled words.
A puff of flame appears from out of thin air!
The puff of flame hits you!
You die...

... #........###### ...
#.............. ...
######.#.###### #.#
#.#....# ##.#####
#.#.##.# .o. ..#
#.#.##.# #)# #.#
#.#.##.#
#####.###.######...##.#
#....og{@........#.##.#
#.###..##.######.#.##..
#..##.# #......####
##.##.# #.##.### #.##.#
#.##...#
#.##.###.####.#
#.##..........#
#.######.###### #.# #.#


You could see an orc and a hobgoblin.

Vanquished Creatures
  2 adders (D:2)
  A dart slug (D:1)
  A leopard gecko (D:1)
  An orc (D:3)
  A bat (D:2)
  2 giant cockroaches (D:1)
  3 goblins
  2 hobgoblins
  3 kobolds
  A quokka (D:2)
  A frilled lizard (D:2)
  4 rats (D:1)
22 creatures vanquished.

Notes
Turn   | Place    | Note
-------+----------+-------------------------------------------
     0 | D:1      | Esekla the Barachi Necromancer began the quest for the Orb.
     0 | D:1      | Reached XP level 1. HP: 13/13 MP: 3/3
   413 | D:1      | Reached skill level 1 in Fighting
   413 | D:1      | Reached XP level 2. HP: 14/21 MP: 3/5
   883 | D:2      | Reached XP level 3. HP: 19/26 MP: 1/7
   888 | D:2      | Learned a level 3 spell: Vampiric Draining
  1045 | D:2      | Found a bloodstained altar of Trog.
  1047 | D:2      | Found an iron altar of Okawaru.
  1061 | D:2      | Found a hazy altar of Hepliaklqana.
  1441 | D:3      | Killed from afar by an orc wizard

Illustrated notes

Levels and vault maps discovered:
D:1:      psy_arrival_dodecagon, layout_basic, nicolae_ashenzari_panopticon
D:2:      layout_rooms, gammafunk_temple_overflow_statue, lemuel_doored_altar
D:3:      layout_basic

Skill      XL: |  1  2 |
---------------+-------+-----
Fighting       | 1 |  1.9
Spellcasting   | 3 |  3.3
Dodging        | |  2.3
Stealth        | |  1.7
Necromancy     | |  3.6

Action                   || total
-------------------------++-------
Melee: Dagger            ||    86
 Cast: Pain              ||    23
       Vampiric Draining ||     5
  Use: Potion            ||     2
 Stab: Sleeping          ||     1
  Eat: Chunk             ||     2
Armor: Robe              ||    16
Dodge: Dodged            ||    62
